 Dungeon Crawl Stone Soup version 0.30-a0-620-g0e44632947 (webtiles) character file.

Game seed: 11165921265114075476

3 Malachi the Ducker (level 1, -5/10 HPs)
             Began as a Felid Monk on Jan 10, 2023.
             Slain by a gnoll
             ... wielding a +0 flail
              (10 damage)
             ... on level 1 of the Dungeon.
             The game lasted 00:00:05 (79 turns).

Malachi the Ducker (Felid Monk)                       Turns: 79, Time: 00:00:06

Health: -5/10      AC:  1    Str:  7    XL:     1   Next: 41%
Magic:  2/2        EV: 19    Int: 11    God:
Gold:   0          SH:  0    Dex: 18    Spells: 0/0 levels left
                                        Lives:  0   Deaths: 0

rFire   . . .      SeeInvis +      - Unarmed
rCold   . . .      Faith    .    (shield unavailable)
rNeg    . . .      Spirit   .    (body armour unavailable)
rPois   .          Reflect  .    (helmet unavailable)
rElec   .          Harm     .    (cloak unavailable)
rCorr   .          Rampage  .    (gloves unavailable)
Will    .....                    (boots unavailable)
Stlth   ++                       (no amulet)
HPRegen 0.21/turn                (no ring)
MPRegen 0.08/turn                (no ring)

@: quick
A: very small, claws 1, fangs 3, see invisible, speed 1, shaggy fur 1, stealthy
paws, no weapons or thrown items, no armour, multi-lived
a: no special abilities


You were on level 1 of the Dungeon.
You visited 1 branch of the dungeon, and saw 1 of its levels.

Inventory:

Scrolls
 b - a scroll of brand weapon {unknown}
Potions
 a - a potion of ambrosia


   Skills:
 + Level 3.0 Fighting
 + Level 4.1 Dodging
 + Level 2.8 Stealth
 + Level 3.0 Unarmed Combat


You couldn't memorise any spells.
You didn't know any spells.
Your spell library was empty.

Dungeon Overview and Level Annotations

Branches:
Dungeon (1/15)

Altars:


Innate Abilities, Weirdness & Mutations

You have sharp claws.
You have razor-sharp teeth.
You have supernaturally acute eyesight. (SInv)
You cover ground quickly. (Speed+)
You are covered in fur. (AC +1)
Your paws help you pounce on unaware monsters.
You are incapable of wielding weapons or throwing items.
You cannot wear armour.
You gain extra lives every three experience levels.


Message History

A jackal comes into view.
A kobold comes into view. It is wielding a +0 short sword.
Found a robe.
The kobold shouts!
A jackal comes into view. x2
The jackal barks!
The kobold throws a stone.
The stone closely misses you.
The jackal barks!
You scratch the gnoll.
The gnoll is heavily wounded.
You hear a bark!
The gnoll barely misses you.
You barely miss the gnoll.
The gnoll is heavily wounded.
The jackal misses you. The gnoll misses you.
You scratch the gnoll.
The gnoll is severely wounded.
The jackal barely misses you. The gnoll completely misses you.
The kobold barely misses you.
You barely miss the gnoll.
The gnoll is severely wounded.
The jackal closely misses you.
A rat comes into view.
The gnoll barely misses you. The kobold barely misses you.
You scratch the gnoll but do no damage.
The gnoll is severely wounded.
The kobold misses you. The gnoll misses you. The jackal closely misses you.
The kobold completely misses you.
There are monsters nearby!
There are monsters nearby!
You barely miss the rat. The jackal completely misses you.
The jackal bites you.
You barely miss the rat. The rat completely misses you. The kobold misses you.
The jackal misses you. The jackal closely misses you.
You barely miss the gnoll.
The gnoll is severely wounded.
The jackal barely misses you. The jackal misses you. The rat bites you.
The gnoll hits you with a +0 flail!
Ouch! That really hurt!
You die...

.......# #.###...
######.#######.......
...................#
.####.....##........
#........†...# ######.
..........#..$###.......
####..........##.....#..
#......#.#.r.h.......
#..>.....##.@hh......
#..........ghK.......
#.....##....K........
###.#....#...>.......
....>.............. .
######..........
..........[ ..##.....#..
### #####....


You could see a gnoll, 4 jackals, 2 kobolds and a rat.

Vanquished Creatures
  An endoplasm (D:1)
  A quokka (D:1)
  A frilled lizard (D:1)
3 creatures vanquished.

Notes
Turn   | Place    | Note
-------+----------+-------------------------------------------
     0 | D:1      | Malachi the Felid Monk began the quest for the Orb.
     0 | D:1      | Reached XP level 1. HP: 10/10 MP: 2/2
    79 | D:1      | Slain by a gnoll

Illustrated notes

Levels and vault maps discovered:
D:1:      onia_arrival_mini_maze_b, layout_rooms,
          dreamdust_ecumenical_altar_hidden_monk_grotto

Action                   || total
-------------------------++-------
Melee: Unarmed           ||    16
Armor: Skin              ||     1
Dodge: Dodged            ||    29

Table legend: (Time is in decaauts)
 A = Elapsed time spent in this place.
 B = Non-inter-level travel time spent in this place.
 C = Inter-level travel time spent in this place.
 D = Time resting spent in this place.
 E = Time spent auto-exploring this place.
 F = Levels seen in this place.
 G = Mean time per level.
                   A        B        C        D        E       F      G
               +--------+--------+--------+--------+--------+-----+--------+
         Total |     68 |     68 |      0 |      0 |     41 |   1 |   68.0 |
       Dungeon |     68 |     68 |      0 |      0 |     41 |   1 |   68.0 |
               +--------+--------+--------+--------+--------+-----+--------+

Top non-repeatable levels by time:
     D:1: 68 daAuts
